 Dungeon Crawl Stone Soup version 0.28.0-53-g5a82cb258f (webtiles) character file.

Game seed: 18110745980601897654

245090 mortz the Eclecticist (level 18, -4/123 HPs)
             Began as a Demigod Conjurer on May 26, 2022.
             Slain by a boulder beetle (53 damage)
             ... on level 1 of the Vaults on May 31, 2022.
             The game lasted 06:47:07 (48642 turns).

mortz the Eclecticist (Demigod Conjurer)           Turns: 48642, Time: 06:47:08

Health: -4/123     AC: 41    Str: 20    XL:     18   Next: 10%
Magic:  10/52      EV: 12    Int: 41    God:
Gold:   1067       SH:  7    Dex: 16    Spells: 2/47 levels left

rFire   . . .      SeeInvis .   C - +8 hand axe of Spite {vorpal, Will+, axe}
rCold   . . .      Faith    .   A - +3 buckler
rNeg    + . .      Spirit   .   W - +10 pearl dragon scales {rarerare}
rPois   .          Reflect  .   f - +2 helmet {Int+3}
rElec   .          Harm     .   L - +2 cloak
rCorr   .          Rampage  .   P - +2 pair of gloves
Will    ++...                   m - +2 pair of boots
Stlth   +.........              G - amulet of magic regeneration {@e2}
HPRegen 0.30/turn               E - ring of magical power
MPRegen 0.73/turn               z - ring "Zofural" {Int+6 Dex+4}

@: no status effects
A: high MP 1, forlorn, divine attributes
}: 2/15 runes: decaying, serpentine
a: no special abilities


You were on level 1 of the Vaults.
You visited 6 branches of the dungeon, and saw 32 of its levels.
You also visited: Sewer and Bailey.

You collected 3099 gold pieces.
You spent 2032 gold pieces at shops.


Innate Abilities, Weirdness & Mutations

You have an increased reservoir of magic. (+10% MP)
You shall have no god before yourself.
Your divine heritage dramatically boosts your attributes as you level up.


   Skills:
 - Level 1.7 Fighting
 - Level 2.0 Axes
 + Level 14.7 Armour
 + Level 5.9 Dodging
 - Level 4.3 Stealth
 - Level 2.0 Shields
 + Level 15.3 Spellcasting
 + Level 13.3 Conjurations
 - Level 0.5 Hexes
 - Level 8.6 Translocations
 - Level 5.4 Transmutations
 - Level 2.2 Fire Magic
 - Level 4.7 Ice Magic
 - Level 13.7 Air Magic
 - Level 5.6 Poison Magic
 - Level 0.9 Evocations


You had 2 spell levels left.
You knew the following spells:

 Your Spells              Type           Power      Damage    Failure   Level
a - Passwall              Tmut/Erth      43%        N/A       1%          2
b - Searing Ray           Conj           100%       2d8       1%          2
c - Iskenderun's Mystic   Conj/Tloc      88%        2d17      1%          4
d - Mephitic Cloud        Conj/Pois/Air  88%        N/A       1%          3
e - Ignite Poison         Fire/Tmut/Pois 61%        N/A       1%          3
f - Fulminant Prism       Conj/Hex       36%        3d18      1%          4
g - Freezing Cloud        Conj/Ice/Air   43%        6-21      1%          5
h - Hailstorm             Conj/Ice       81%        3d16      1%          4
i - Flame Wave            Conj/Fire      76%        2d14      1%          4
j - Airstrike             Air            48%        N/A       1%          4
k - Lightning Bolt        Conj/Air       48%        1d69      1%          5
l - Iskenderun's Battles  Conj           96%        2d14      1%          5

Your spell library contained the following spells:

 Spells                   Type           Power      Damage    Failure   Level
 Magic Dart               Conj           100%       1d8       0%          1
 Freeze                   Ice            100%       1d11      1%          1
 Sting                    Tmut/Pois      100%       1d8       1%          1
 Corpse Rot               Necr/Air       100%       N/A       1%          2
 Ensorcelled Hibernation  Hex/Ice        100%       N/A       1%          2
 Poisonous Vapours        Pois/Air       100%       N/A       1%          2
 Scorch                   Fire           98%        2d9       1%          2
 Animate Skeleton         Necr           62%        N/A       3%          1
 Pain                     Necr           100%       1d9       3%          1
 Sandblast                Erth           62%        2d14      3%          1
 Dazzling Flash           Conj/Hex       100%       N/A       1%          3
 Frozen Ramparts          Ice            100%       1d12      1%          3
 Ozocubu's Armour         Ice            63%        N/A       1%          3
 Spider Form              Tmut/Pois      67%        N/A       1%          3
 Stone Arrow              Conj/Erth      100%       3d13      1%          3
 Passage of Golubria      Tloc           80%        N/A       1%          4
 Summon Lightning Spire   Summ/Air       73%        N/A       1%          4
 Conjure Ball Lightning   Conj/Air       48%        3x3d17    1%          6
 Ice Form                 Ice/Tmut       65%        N/A       3%          4
 Olgreb's Toxic Radiance  Pois           67%        N/A       3%          4
 Fireball                 Conj/Fire      38%        3d16      3%          5
 Silence                  Hex/Air        37%        N/A       4%          5
 Confusing Touch          Hex            35%        N/A       8%          3
 Alistair's Intoxication  Tmut/Pois      44%        N/A       9%          5
 Vampiric Draining        Necr           31%        2d8       10%         3
 Petrify                  Tmut/Erth      52%        N/A       11%         4
 Orb of Destruction       Conj           48%        9d13      11%         7
 Dispersal                Tloc           40%        N/A       14%         6
 Summon Forest            Summ/Tloc      30%        N/A       16%         5
 Yara's Violent Unravell  Hex/Tmut       27%        3d12      26%         5
 Anguish                  Hex/Necr       16%        N/A       28%         4
 Leda's Liquefaction      Hex/Erth       16%        N/A       28%         4
 Animate Dead             Necr           15%        N/A       30%         4
 Metabolic Englaciation   Hex/Ice        26%        N/A       30%         5
 Eringya's Noxious Bog    Tmut/Pois      33%        N/A       45%         6
 Agony                    Necr           31%        N/A       65%         5
 Borgnjor's Vile Clutch   Necr/Erth      15%        N/A       65%         5
 Lee's Rapid Deconstruct  Erth           15%        3d11*     65%         5
 Statue Form              Tmut/Erth      34%        N/A       85%         6
 Simulacrum               Ice/Necr       25%        N/A       88%         6
 Ozocubu's Refrigeration  Ice            31%        4d11      98%         7
 Death Channel            Necr           15%        N/A       99%         6
 Summon Cactus Giant      Summ           15%        N/A       99%         6
 Malign Gateway           Summ/Tloc      30%        N/A       99%         7
 Enfeeble                 Hex            17%        N/A       100%        7
 Summon Hydra             Summ           15%        N/A       100%        7
 Borgnjor's Revivificati  Necr           15%        N/A       100%        8
 Necromutation            Tmut/Necr      26%        N/A       100%        8
 Summon Horrible Things   Summ           15%        N/A       100%        8
 Death's Door             Necr           15%        N/A       100%        9

Inventory:

Hand Weapons
 C - the +8 hand axe of Spite (weapon) {vorpal, Will+, axe}
   (You found it on level 4 of the Dungeon)

   It inflicts extra damage upon your enemies.
   Will:      It increases your willpower.
 Q - a +2 scimitar of flaming {long}
   (You took it off Erica on level 8 of the Dungeon)
Armour
 f - a +2 helmet of intelligence (worn)
   (You acquired it in a bailey)
 m - a +2 pair of boots (worn)
   (You found it on level 2 of the Dungeon)
 A - a +3 buckler (worn)
   (You took it off a spriggan on level 6 of the Lair of Beasts)
 L - a +2 cloak (worn)
   (You took it off Maurice on level 10 of the Dungeon)
 O - a +0 kite shield of positive energy
   (You took it off a naga warrior on level 4 of the Snake Pit)
 P - a +2 pair of gloves (worn)
   (You found it on level 6 of the Lair of Beasts)
 W - +10 pearl dragon scales (worn) {rarerare}
   (You found it on level 9 of the Dungeon)
Jewellery
 e - the ring of the Ancients {Will+ Stlth+}
   (You found it on level 3 of the Lair of Beasts)

   [ring of willpower]

   Will:      It increases your willpower.
   Stlth:     It makes you more stealthy.
 q - a ring of flight
   (You bought it in a shop on level 2 of the Orcish Mines)
 r - a +4 ring of protection
   (You found it on level 2 of the Dungeon)
 v - a ring of poison resistance
   (You found it on level 1 of the Swamp)
 z - the ring "Zofural" (right hand) {Int+6 Dex+4}
   (You found it on level 2 of the Snake Pit)

   [ring of intelligence]

   Int:       It affects your intelligence (+6).
   Dex:       It affects your dexterity (+4).
 B - a +6 ring of intelligence
   (You found it on level 4 of the Dungeon)
 D - a ring of willpower
   (You found it on level 4 of the Dungeon)
 E - a ring of magical power (left hand)
   (You found it on level 4 of the Swamp)
 G - an amulet of magic regeneration (around neck) {@e2}
   (You found it on level 5 of the Dungeon)
 R - a ring of see invisible
   (You found it on level 1 of the Swamp)
Wands
 a - a wand of paralysis (19)
   (You took it off Maggie on level 7 of the Dungeon)
 g - a wand of polymorph (5)
   (You took it off an orc sorcerer on level 15 of the Dungeon)
 y - a wand of acid (32)
   (You found it on level 7 of the Dungeon)
 K - a wand of iceblast (40)
   (You found it on level 7 of the Dungeon)
 T - a wand of digging (12)
   (You found it on level 1 of the Swamp)
 U - a wand of mindburst (21)
   (You found it on level 6 of the Lair of Beasts)
 V - a wand of charming (16)
   (You found it on level 9 of the Dungeon)
 X - a wand of flame (63)
   (You found it on level 9 of the Dungeon)
Scrolls
 b - 3 scrolls of enchant weapon
 d - 2 scrolls of blinking {!r}
 j - 3 scrolls of holy word
 k - 2 scrolls of silence {!r}
 o - 3 scrolls of amnesia
 t - 9 scrolls of identify {@r1}
 u - 10 scrolls of teleportation {@r4}
 F - 10 scrolls of immolation {!r!r}
 M - 5 scrolls of fog
 S - a scroll of magic mapping {!r}
 Z - 3 scrolls of fear
Potions
 c - 4 potions of invisibility
 h - 12 potions of curing {@q1}
 l - 10 potions of haste {@q3}
 n - 3 potions of heal wounds {@q2}
 p - 2 potions of cancellation
 s - 3 potions of lignification {!q}
 w - 3 potions of attraction {!q}
 H - 4 potions of mutation {!q}
 I - 8 potions of brilliance
 J - 4 potions of magic
 N - 3 potions of might
Miscellaneous
 i - a condenser vane
   (You found it on level 2 of the Swamp)
 x - a box of beasts
   (You found it on level 4 of the Lair of Beasts)
 Y - a phial of floods
   (You found it on level 3 of the Swamp)

Dungeon Overview and Level Annotations

Branches:
Dungeon (15/15)            Temple (0/1) D:5            Lair (6/6) D:9
  Swamp (4/4) Lair:3        Snake (4/4) Lair:4        Slime (0/5) Lair:6
    Orc (2/2) D:11            Elf (0/3) Orc:2        Vaults (1/5) D:13
 Depths (0/4) D:15          Sewer (visited)          Bailey (visited)

Shops:
D:2 [   D:15 (   Orc:2 (?=!(   Snake:4 :

Portals:
Pandemonium: Orc:2
Trove: D:11 (give 8 potions of haste)

#..#
#..######
#§.#....#
#§cO°..##
#§§###°# #§§#
.○°.
#§°#.......
#.B###+#.O..#
#.@# #..##
#..# ..# #..#
## #..# #..#
#..# #..#
#..########
#..........


You could see an ironbound thunderhulk, a boulder beetle (rolling, strong) and a
yaktaur (strong).


Message History

You lost 3 mp, and now have 41/52 mp.
The ironbound convoker begins to recite a word of recall! 😮 MP[+1]
The boulder beetle curls into a ball and begins rolling! 😮 HP[+1] MP[+1]
Casting: Iskenderun's Mystic Blast (safe; 1% risk of failure)
Confirm with . or Enter, or press ? or * to list all spells.
Aiming: Freezing Cloud (mildly dangerous; 1% risk of failure)
Press: ? - help, Dir - move target, f - boulder beetle
Aim: a boulder beetle (lightly wounded, rolling, strong)
The yaktaur is recalled. x3
The ironbound convoker is engulfed in freezing vapours.
The yaktaur wields an arbalest.
The yaktaur shoots a bolt.
The bolt hits you!
* * * LOW HITPOINT WARNING * * *
The yaktaur is engulfed in freezing vapours.
A yaktaur comes into view. x2
The boulder beetle is engulfed in freezing vapours.
The boulder beetle stops rolling and uncurls.
A yaktaur comes into view.
It is wielding a +0 arbalest. 😨 HP[-7] MP[-4]
You take 7 damage, and now have 60/123 hp.
You lost 4 mp, and now have 39/52 mp.
Casting: Freezing Cloud (mildly dangerous; 1% risk of failure)
Confirm with . or Enter, or press ? or * to list all spells.
You erupt in a blast of force!
The mystic blast hits the yaktaur! x2
The yaktaur is knocked back by the mystic blast.
The yaktaur collides with the boulder beetle!
The ironbound convoker is engulfed in freezing vapours.
The yaktaur is engulfed in freezing vapours.
The yaktaur wields a +0 arbalest.
The yaktaur shoots a bolt.
The bolt hits you but does no damage.
The boulder beetle is engulfed in freezing vapours. 😨 MP[-3]
You lost 3 mp, and now have 36/52 mp.
Casting: Iskenderun's Mystic Blast (safe; 1% risk of failure)
Confirm with . or Enter, or press ? or * to list all spells.
You erupt in a blast of force!
The mystic blast hits the yaktaur!!
You kill the yaktaur!
The mystic blast hits the yaktaur!!
You kill the yaktaur!
The ironbound convoker is engulfed in freezing vapours.
The ironbound convoker casts a spell at the yaktaur.
The yaktaur seems to grow stronger. 😨 HP[+1] MP[-4]
You lost 4 mp, and now have 32/52 mp.
Casting: Iskenderun's Mystic Blast (safe; 1% risk of failure)
Confirm with . or Enter, or press ? or * to list all spells.
You erupt in a blast of force!
The mystic blast hits the boulder beetle but does no damage.
The ironbound convoker is engulfed in freezing vapours.
You kill the ironbound convoker! 😨 MP[-3]
You lost 3 mp, and now have 29/52 mp.
Casting: Iskenderun's Mystic Blast (safe; 1% risk of failure)
Confirm with . or Enter, or press ? or * to list all spells.
You erupt in a blast of force!
The mystic blast hits the boulder beetle but does no damage. 😨 MP[-3]
You lost 3 mp, and now have 26/52 mp.
Casting: Iskenderun's Mystic Blast (safe; 1% risk of failure)
Confirm with . or Enter, or press ? or * to list all spells.
You erupt in a blast of force!
The mystic blast hits the boulder beetle!
The boulder beetle is knocked back by the mystic blast.
You hear a shout! 😮 HP[+1] MP[-3]
You lost 3 mp, and now have 23/52 mp.
Casting: Iskenderun's Mystic Blast (safe; 1% risk of failure)
Confirm with . or Enter, or press ? or * to list all spells.
You erupt in a blast of force!
The mystic blast hits the boulder beetle!
The boulder beetle is knocked back by the mystic blast. 😮 MP[-4]
You lost 4 mp, and now have 19/52 mp.
Aiming: Airstrike (safe; 1% risk of failure)
Press: ? - help, Q - select action, (/) - cycle Dir - move target, f/p - boulder beetle
Aim: a boulder beetle (freezing vapour, severely wounded, strong, empty space bonus: 5/8)
The air twists around and strikes the boulder beetle but does no damage.
The boulder beetle is engulfed in freezing vapours.
The boulder beetle curls into a ball and begins rolling! 😮 MP[-3]
You lost 3 mp, and now have 16/52 mp.
Aiming: Airstrike (safe; 1% risk of failure)
Press: ? - help, Q - select action, (/) - cycle Dir - move target, f/p - boulder beetle
Aim: a boulder beetle (freezing vapour, severely wounded, rolling, strong, empty space bonus: 5/8)
The air twists around and strikes the boulder beetle but does no damage.
The boulder beetle is engulfed in freezing vapours.
The ironbound thunderhulk is engulfed in freezing vapours.
Electricity crackles from the ironbound thunderhulk's apparatus.
The bolt of lightning hits you!
* * * LOW HITPOINT WARNING * * *
😨 HP[-14] MP[-3]
You take 14 damage, and now have 48/123 hp.
You lost 3 mp, and now have 13/52 mp.
Casting: Airstrike (safe; 1% risk of failure)
Confirm with . or Enter, or press ? or * to list all spells.
You erupt in a blast of force!
The mystic blast hits the boulder beetle but does no damage.
The boulder beetle hits you!!!
You die...

Skill      XL: |  1  2  3  4  5  6  7  8  9 10 11 12 13 14 15 16 17 |
---------------+----------------------------------------------------+-----
Conjurations   | 4 5 6 7 8 9 11 12 13 | 13.3
Stealth        | 2 3 4 |  4.3
Spellcasting   | 2 3 4 5 7 8 9 10 11 12 14 15 | 15.3
Translocations | 1 2 3 5 7 8 |  8.6
Dodging        | 2 3 4 5 |  5.9
Transmutations | 3 4 5 |  5.4
Poison Magic   | 2 4 5 |  5.6
Fighting       | 1 |  1.7
Air Magic      | 1 4 9 12 13 | 13.7
Armour         | 9 10 11 12 13 14 | 14.7
Axes           | 1 2 |  2.0
Ice Magic      | 4 |  4.7
Fire Magic     | 2 |  2.2
Shields        | 1 2 |  2.0
Hexes          | |  0.5
Evocations     | |  0.9

Action                   |  1- 3 |  4- 6 |  7- 9 | 10-12 | 13-15 | 16-18 || total
-------------------------+-------+-------+-------+-------+-------+-------++-------
Melee: Hand axe          |       |     9 |       |    28 |    47 |    23 ||   107
       Punch             |       |       |       |     1 |       |       ||     1
 Cast: Magic Dart        |    47 |    73 |   163 |   114 |   205 |       ||   602
       Searing Ray       |    23 |    36 |   100 |   115 |   169 |     9 ||   452
       Iskenderun's Myst |       |       |    27 |   152 |   370 |   211 ||   760
       Mephitic Cloud    |       |       |     3 |    27 |   106 |    27 ||   163
       Ignite Poison     |       |       |       |    14 |    68 |    18 ||   100
       Fulminant Prism   |       |       |       |     5 |     2 |       ||     7
       Hailstorm         |       |       |       |       |     8 |     1 ||     9
       Freezing Cloud    |       |       |       |       |     7 |    33 ||    40
       Airstrike         |       |       |       |       |   193 |   405 ||   598
       Flame Wave        |       |       |       |       |     1 |       ||     1
       Lightning Bolt    |       |       |       |       |       |   129 ||   129
Evoke: Wand              |       |       |       |       |     3 |     8 ||    11
  Use: Scroll            |       |     6 |     6 |     8 |    22 |     4 ||    46
       Potion            |       |       |     2 |       |     2 |       ||     4
 Stab: Confused          |       |       |       |       |       |     2 ||     2
Armor: Robe              |     3 |     9 |    30 |     8 |       |       ||    50
       Pearl dragon scal |       |       |       |   121 |   210 |   216 ||   547
Dodge: Dodged            |     6 |    12 |    40 |    89 |   127 |    99 ||   373
Block: Buckler           |       |       |       |       |    44 |    73 ||   117

Levels and vault maps discovered:
D:1:      lightli_arrival_isolated_outpost, layout_loops_cross,
          chequers_serial_rivers_micro_d
D:2:      layout_loops_ring, serial_shops, shop
D:3:      layout_loops_corners
D:4:      layout_loops_ring, minivault_4
D:5:      minmay_inner_zag, layout_loops_ring,
          nemelex_xobeh_ov_fountains_minmay, minmay_temple_entry_water_ring,
          portal_sewer_entry_f, uniq_blork_the_orc
D:6:      layout_rooms, serial_glass, glass_columns_a, glass_columns_a,
          due_unseen_surprise, minmay_strange_pillars, item_on_display_a
D:7:      layout_cave_pools, enter_bailey_6, serial_rivers,
          chequers_serial_rivers_small_b, chequers_serial_rivers_small_3,
          chequers_serial_rivers_micro_d, chequers_serial_rivers_small_a,
          david_defended_altar_orc, uniq_maggie
D:8:      layout_loops_ring, uniq_pikel, uniq_harold, uniq_erica
D:9:      layout_roguey [special_room_orc], david_lair_generic
D:10:     layout_gridville, uniq_snorg, uniq_grum, uniq_maurice
D:11:     layout_basic, orc_0_dummy, nicolae_trove_entry_isolated
D:12:     layout_roguey
D:13:     layout_rooms, david_vaults_4
D:14:     layout_roguey, elyvilon_altar_3, uniq_azrael, uniq_rupert
D:15:     grunt_enter_depths_magical_seal, layout_basic,
          nicolae_tso_swordbearing_angel, serial_shops, shop, uniq_nessos
Lair:1:   layout_cave_pods, minmay_lair_oklob_items, st_stairs_7,
          chequers_serial_rivers_marsh
Lair:2:   layout_loops_ring, gammafunk_ghost_grave, minivault_23
Lair:3:   layout_regular_city, minmay_swamp_entry_worms, lemuel_fruit_tree
Lair:4:   nzn_winding_woodlands_small [nzn_winding_woodlands_5x15_pockets,
          nzn_winding_woodlands_center_lodge,
          nzn_winding_woodlands_5x15_pathside_ponds], layout_regular_city,
          minmay_snake_entry_six_corridors, nicolae_quartered_pool_medium,
          serial_bayou_shore_a
Lair:5:   cheibrodos_magma_flow, layout_regular_city, evilmike_ambush
          [evilmike_ambush_outer_basic, evilmike_ambush_inner_basic]
Lair:6:   minmay_lair_end_enchanted_forest, layout_regular_city, slime_altar_1,
          worms_lemuel, grunt_megastairs_5
Swamp:1:  layout_basic_swamp, hangedman_swamp_ruin_wall, swamp_pool2
Swamp:2:  cheibrodos_swamp_heart_of_darkness, layout_falls_marsh,
          evilmike_swamp_ruin_house_3, swamp_pool2,
          nicolae_swamp_frolicking_bunyips, infiniplex_staircase_pool
Swamp:3:  layout_basic_swamp, evilmike_swamp_ruin_house_2, swamp_pool3,
          grunt_witch_cave
Swamp:4:  swamp_basic_johnstein, layout_basic_swamp, swamp_pool5
Snake:1:  layout_layer_cave, grunt_megastairs_3
Snake:2:  layout_misc_corridors, basic_altar
Snake:3:  layout_chambers
Snake:4:  snake_pit, layout_onion, basic_altar, serial_shops, shop,
          portal_ice_cave_entry_pillars_2, nicolae_snake_slithery_corners,
          library_closet, corexii_hall_statues_t
Orc:1:    nicolae_orc_accident_3, layout_caves, basic_altar
Orc:2:    pf_orc_diabolical, layout_caves, serial_shops, shop
Vaults:1: hangedman_vaults_pinch, v_misc_27, v_misc_16, v_misc_33,
          ontoclasm_vaults_spin, layout_vaults_omnigrid, uniq_asterion

Notes
Turn   | Place    | Note
-------+----------+-------------------------------------------
     0 | D:1      | mortz the Demigod Conjurer began the quest for the Orb.
     0 | D:1      | Reached XP level 1. HP: 14/14 MP: 5/5
     0 | D:1      | magus.rc [v1.9.6]
   370 | D:1      | Reached skill level 4 in Conjurations
   424 | D:1      | Reached XP level 2. HP: 20/20 MP: 2/7
   427 | D:1      | Learned a level 2 spell: Searing Ray
   781 | D:1      | Reached skill level 2 in Stealth
  1157 | D:2      | Reached skill level 2 in Spellcasting
  1157 | D:2      | Reached XP level 3. HP: 26/26 MP: 0/8
  1734 | D:2      | Found Okudi's Armour Shop.
  1920 | D:2      | Reached XP level 4. HP: 33/33 MP: 6/10
  2115 | D:2      | You add the spells Summon Forest, Eringya's Noxious Bog and
                  | Summon Hydra to your library.
  2844 | D:3      | You pick up a book of Conjurations {@e2} and begin
                  | reading...
  3185 | D:3      | Reached skill level 1 in Translocations
  3298 | D:3      | Reached XP level 5. HP: 38/38 MP: 7/12
  3358 | D:3      | Reached skill level 3 in Spellcasting
  3535 | D:3      | Reached skill level 5 in Conjurations
  3732 | D:3      | You add the spells Ignite Poison, Mephitic Cloud and
                  | Freezing Cloud to your library.
  4091 | D:4      | Noticed a necrophage
  4100 | D:4      | Killed a necrophage
  4101 | D:4      | Reached skill level 2 in Dodging
  4101 | D:4      | Reached XP level 6. HP: 42/45 MP: 3/15
  4221 | D:4      | Reached skill level 4 in Spellcasting
  4223 | D:4      | Reached skill level 2 in Translocations
  4446 | D:4      | You add the spells Malign Gateway and Summon Horrible
                  | Things to your library.
  4577 | D:4      | Learned a level 4 spell: Iskenderun's Mystic Blast
  4581 | D:4      | Learned a level 3 spell: Mephitic Cloud
  4585 | D:4      | Learned a level 3 spell: Ignite Poison
  4683 | D:4      | Reached skill level 3 in Stealth
  4832 | D:4      | Identified the +8 hand axe of Spite {vorpal, Will+}
  5108 | D:5      | Entered Level 5 of the Dungeon
  5108 | D:5      | Noticed Blork the orc
  5132 | D:5      | Found a staircase to the Ecumenical Temple.
  5150 | D:5      | Found a glowing drain.
  5222 | Sewer    | Entered a sewer
  5348 | Sewer    | Reached XP level 7. HP: 50/50 MP: 10/16
  5826 | D:5      | Reached skill level 6 in Conjurations
  5826 | D:5      | Reached skill level 3 in Translocations
  6351 | D:5      | Reached XP level 8. HP: 57/57 MP: 11/18
  6423 | D:5      | Reached skill level 4 in Translocations
  6441 | D:5      | Reached skill level 5 in Spellcasting
  6619 | D:6      | Killed Blork the orc
  6738 | D:6      | Reached skill level 7 in Conjurations
  7289 | D:6      | Reached skill level 5 in Translocations
  7329 | D:6      | You pick up a book of Necromancy and begin reading...
  7329 | D:6      | You add the spells Pain, Animate Skeleton and Vampiric
                  | Draining to your library.
  7492 | D:6      | magus.rc [v1.9.6]
  7568 | D:7      | Noticed Maggie
  7694 | D:7      | Reached XP level 9. HP: 63/63 MP: 16/21
  7750 | D:7      | Killed Maggie
  7751 | D:7      | Reached skill level 6 in Spellcasting
  7751 | D:7      | Reached skill level 1 in Transmutations
  7751 | D:7      | Reached skill level 1 in Poison Magic
  7783 | D:7      | Found a flagged portal.
  7796 | Bailey   | Entered a bailey
  8201 | Bailey   | Reached skill level 8 in Conjurations
  8259 | Bailey   | Reached skill level 2 in Poison Magic
  8338 | Bailey   | Reached skill level 1 in Fighting
  8370 | Bailey   | Reached skill level 2 in Transmutations
  8455 | Bailey   | Reached skill level 3 in Dodging
  8554 | Bailey   | HP: 16/64 [centaur/javelin (14)]
  8946 | Bailey   | Reached skill level 3 in Transmutations
  9275 | Bailey   | c - a +0 executioner's axe of electrocution {axerare}
  9279 | Bailey   | You add the spells Borgnjor's Revivification, Necromutation
                  | and Death's Door to your library.
  9378 | Bailey   | Acquired a +2 helmet of intelligence
  9386 | Bailey   | magus.rc [v1.9.6]
  9387 | Bailey   | magus.rc [v1.9.6]
  9931 | D:8      | magus.rc [v1.9.6]
  9936 | D:8      | Reached skill level 7 in Spellcasting
 10005 | D:8      | Reached XP level 10. HP: 71/71 MP: 22/24
 10057 | D:8      | Noticed Harold
 10120 | D:8      | Noticed Erica
 10346 | D:8      | Reached skill level 3 in Poison Magic
 10635 | D:8      | Noticed a two-headed ogre
 10645 | D:8      | Killed a two-headed ogre
 10646 | D:8      | Reached skill level 4 in Stealth
 10783 | D:8      | Killed Erica
 10784 | D:8      | Reached skill level 9 in Conjurations
 10810 | D:8      | Noticed Pikel
 10904 | D:8      | Killed Pikel
 10905 | D:8      | Reached skill level 4 in Transmutations
 10961 | D:8      | Killed Harold
 10962 | D:8      | Reached skill level 1 in Air Magic
 10962 | D:8      | Reached skill level 4 in Poison Magic
 11263 | D:9      | Reached skill level 8 in Spellcasting
 11537 | D:9      | Reached XP level 11. HP: 77/77 MP: 11/27
 11734 | D:9      | Identified +0 pearl dragon scales
 11745 | D:9      | You finish putting on your +0 pearl dragon scales
                  | {rarerare}.
 11783 | D:9      | Reached skill level 1 in Armour
 11792 | D:9      | Reached skill level 2 in Armour
 11907 | D:9      | Found a staircase to the Lair.
 11952 | D:9      | Noticed a two-headed ogre
 11958 | D:9      | Killed a two-headed ogre
 11959 | D:9      | Reached skill level 3 in Armour
 11993 | D:9      | You pick up a book of Scorching and begin reading...
 11993 | D:9      | You add the spells Scorch, Flame Wave and Summon Cactus
                  | Giant to your library.
 12063 | D:10     | Entered Level 10 of the Dungeon
 12063 | D:10     | Noticed Snorg
 12100 | D:10     | Killed Snorg
 12101 | D:10     | Reached skill level 4 in Armour
 12148 | D:10     | Reached skill level 5 in Armour
 12185 | D:10     | Noticed Grum
 12190 | D:10     | Killed Grum
 12303 | D:10     | Reached skill level 6 in Armour
 12349 | D:10     | Noticed Maurice
 12357 | D:10     | Killed Maurice
 12582 | D:10     | Reached skill level 7 in Armour
 12623 | D:10     | your +0 pearl dragon scales {rarerare} glow green for a
                  | moment.
 12816 | D:10     | magus.rc [v1.9.6]
 12869 | Lair:1   | Entered Level 1 of the Lair of Beasts
 13016 | Lair:1   | You add the spells Alistair's Intoxication and Borgnjor's
                  | Vile Clutch to your library.
 13151 | Lair:1   | Reached skill level 8 in Armour
 13305 | Lair:1   | You pick up a book of the Tundra and begin reading...
 13305 | Lair:1   | You add the spells Hailstorm, Ice Form and Simulacrum to
                  | your library.
 13515 | Lair:1   | Learned a level 4 spell: Fulminant Prism
 13926 | Lair:2   | Noticed an eight-headed hydra
 13933 | Lair:2   | Killed an eight-headed hydra
 13934 | Lair:2   | Reached skill level 9 in Armour
 13936 | Lair:2   | Noticed a four-headed hydra
 14095 | Lair:1   | Reached XP level 12. HP: 62/84 MP: 16/28
 14233 | Lair:2   | Killed a four-headed hydra
 14234 | Lair:2   | Reached skill level 6 in Translocations
 14248 | Lair:1   | Reached skill level 1 in Axes
 14411 | Lair:2   | Reached skill level 10 in Armour
 14543 | Lair:2   | You drop a +0 executioner's axe of electrocution {axerare}.
 14558 | Lair:2   | your +1 pearl dragon scales {rarerare} glow green for a
                  | moment.
 14690 | Lair:2   | Found a runed translucent door.
 14691 | Lair:2   | Noticed Whoops's ghost (journeyman DsFi)
 14778 | Lair:2   | Noticed a six-headed hydra
 14784 | Lair:2   | Killed a six-headed hydra
 14868 | Lair:2   | Reached skill level 10 in Conjurations
 15229 | Lair:2   | Killed Whoops's ghost
 15276 | Lair:2   | magus.rc [v1.9.6]
 15671 | Lair:3   | Identified the ring of the Ancients {Will+ Stlth+}
 15693 | Lair:3   | Found a staircase to the Swamp.
 16009 | Lair:3   | You pick up a book of the Tundra and begin reading...
 16320 | Lair:4   | Found a staircase to the Snake Pit.
 16604 | Lair:4   | Reached skill level 9 in Spellcasting
 16661 | Lair:4   | You fall into a shaft and drop 2 floors!
 16661 | Lair:6   | Entered Level 6 of the Lair of Beasts
 16702 | Lair:6   | Found a staircase to the Slime Pits.
 16863 | Lair:5   | Noticed a six-headed hydra
 16871 | Lair:5   | Killed a six-headed hydra
 16872 | Lair:5   | Reached skill level 7 in Translocations
 16915 | Lair:5   | You pick up a book of Storms and begin reading...
 16915 | Lair:5   | You add the spells Airstrike, Summon Lightning Spire and
                  | Lightning Bolt to your library.
 16980 | Lair:5   | Noticed a four-headed hydra
 17637 | Lair:4   | Found the +8 demon blade "Leech" {vamp, Harm Drain rN+}
 17672 | Lair:4   | Reached skill level 11 in Conjurations
 17672 | Lair:4   | Reached XP level 13. HP: 90/90 MP: 21/31
 18308 | Lair:5   | HP: 19/90 [death yak (13)]
 18308 | Lair:5   | HP: 6/90 [black mamba (13)]
 18334 | Lair:5   | HP: 19/90 [bullfrog (2)]
 18629 | Lair:5   | Reached skill level 11 in Armour
 18741 | Lair:5   | Reached skill level 4 in Dodging
 18786 | Lair:5   | Reached skill level 10 in Spellcasting
 19481 | Lair:4   | magus.rc [v1.9.6]
 20244 | Lair:6   | Reached skill level 5 in Transmutations
 20866 | Lair:6   | Reached skill level 8 in Translocations
 21059 | Lair:6   | Reached skill level 5 in Poison Magic
 21153 | Lair:6   | You add the spells Petrify and Statue Form to your library.
 21153 | Lair:6   | Got the Grimoire of Cankerous Earth
 21297 | Lair:6   | Reached skill level 12 in Conjurations
 21548 | Lair:6   | You add the spells Corpse Rot, Poisonous Vapours and
                  | Silence to your library.
 21548 | Lair:6   | Got Virchas's Reference Book on Flying Intoxication
 22000 | D:11     | your +2 pearl dragon scales {rarerare} glow green for a
                  | moment.
 22055 | D:11     | You pick up a book of Frost and begin reading...
 22055 | D:11     | You add the spells Freeze and Frozen Ramparts to your
                  | library.
 22062 | D:11     | Learned a level 5 spell: Freezing Cloud
 22064 | D:11     | Found a staircase to the Orcish Mines.
 22153 | D:11     | Reached XP level 14. HP: 81/96 MP: 22/33
 22294 | D:11     | Found a portal to a secret trove of treasure.
 22531 | D:11     | Reached skill level 2 in Air Magic
 22636 | D:11     | magus.rc [v1.9.6]
 23107 | D:12     | You pick up a book of Misfortune and begin reading...
 23107 | D:12     | You add the spells Confusing Touch, Yara's Violent
                  | Unravelling and Enfeeble to your library.
 23205 | D:12     | Reached skill level 1 in Ice Magic
 23565 | D:12     | Reached skill level 1 in Fire Magic
 23730 | D:12     | Learned a level 4 spell: Hailstorm
 23735 | D:12     | Learned a level 4 spell: Flame Wave
 23779 | Orc:1    | Entered Level 1 of the Orcish Mines
 24463 | Orc:2    | Entered Level 2 of the Orcish Mines
 24463 | Orc:2    | Noticed an orc warlord
 24463 | Orc:2    | Found Ytastaurph's Antique Weapon Shoppe.
 24469 | Orc:2    | Reached skill level 11 in Spellcasting
 24587 | Orc:2    | Killed an orc warlord
 24588 | Orc:2    | Reached skill level 3 in Air Magic
 24634 | Orc:2    | Reached skill level 2 in Ice Magic
 24860 | Orc:1    | Noticed an orc warlord
 24972 | Orc:1    | Killed an orc warlord
 25341 | Orc:2    | Found Remairgh's Magic Scroll Boutique.
 25744 | Orc:2    | Found Zitodaru's Distillery.
 25829 | Orc:2    | Bought a potion of curing for 39 gold pieces
 25829 | Orc:2    | Bought a potion of cancellation for 104 gold pieces
 25831 | Orc:2    | Bought 3 scrolls of enchant armour for 382 gold pieces
 25831 | Orc:2    | Bought a scroll of enchant armour for 127 gold pieces
 25831 | Orc:2    | your +3 pearl dragon scales {rarerare} glow green for a
                  | moment.
 25832 | Orc:2    | your +4 pearl dragon scales {rarerare} glow green for a
                  | moment.
 25833 | Orc:2    | your +5 pearl dragon scales {rarerare} glow green for a
                  | moment.
 25834 | Orc:2    | your +6 pearl dragon scales {rarerare} glow green for a
                  | moment.
 25835 | Orc:2    | Bought a scroll of magic mapping for 59 gold pieces
 25835 | Orc:2    | Bought a scroll of identify for 34 gold pieces
 25835 | Orc:2    | Bought a scroll of identify for 34 gold pieces
 25835 | Orc:2    | Bought a scroll of blinking for 127 gold pieces
 25883 | Orc:2    | Reached skill level 3 in Ice Magic
 26090 | Orc:1    | magus.rc [v1.9.6]
 26395 | Orc:2    | Reached skill level 12 in Armour
 26481 | Orc:2    | Found Qanow's Jewellery Emporium.
 26481 | Orc:2    | Found Pemesywn's Antique Weapon Shoppe.
 26481 | Orc:2    | Found a one-way gate leading to the halls of Pandemonium.
 26605 | Orc:2    | Found a staircase to the Elven Halls.
 26965 | D:13     | Reached skill level 4 in Air Magic
 27170 | D:13     | You pick up a book of the Senses and begin reading...
 27211 | D:13     | your +7 pearl dragon scales {rarerare} glow green for a
                  | moment.
 27212 | D:13     | your +8 pearl dragon scales {rarerare} glow green for a
                  | moment.
 27438 | D:13     | Found a gate to the Vaults.
 27555 | D:13     | Reached skill level 2 in Fire Magic
 28024 | D:13     | You pick up a book of Winter and begin reading...
 28024 | D:13     | You add the spells Ozocubu's Armour and Metabolic
                  | Englaciation to your library.
 28140 | D:14     | Reached skill level 4 in Ice Magic
 28224 | D:14     | Noticed Azrael
 28236 | D:14     | HP: 16/97 [Azrael/fireball (35)]
 28240 | D:14     | Killed Azrael
 28241 | D:14     | Reached XP level 15. HP: 35/103 MP: 11/35
 29176 | D:14     | You fall into a shaft and drop 1 floor!
 29176 | D:15     | Entered Level 15 of the Dungeon
 29228 | D:15     | Found Laoghukh's Weapon Shoppe.
 29233 | D:15     | You pick up a book of Frost and begin reading...
 29253 | D:14     | Learned a level 4 spell: Airstrike
 29373 | D:14     | Noticed Rupert
 29468 | D:13     | Reached skill level 5 in Air Magic
 29606 | D:14     | Killed Rupert
 29662 | D:14     | a +0 leather armour; a +2 triple sword of protection
                  | {longrare}; the human corpse of Rupert
 29685 | D:14     | Reached skill level 12 in Spellcasting
 29703 | D:14     | a +0 leather armour; a +2 triple sword of protection
                  | {longrare}; the human corpse of Rupert
 29993 | D:14     | magus.rc [v1.9.6]
 30012 | D:14     | a +0 leather armour; a +2 triple sword of protection
                  | {longrare}; the human skeleton of Rupert
 30122 | D:15     | Reached skill level 6 in Air Magic
 30204 | D:15     | Noticed Nessos
 30272 | D:15     | Killed Nessos
 30322 | D:15     | Reached skill level 1 in Shields
 30361 | D:15     | You pick up a book of Dreams and begin reading...
 30361 | D:15     | You add the spells Ensorcelled Hibernation, Spider Form and
                  | Anguish to your library.
 30755 | D:15     | Found a staircase to the Depths.
 31241 | D:15     | Reached skill level 7 in Air Magic
 31661 | D:15     | magus.rc [v1.9.6]
 31867 | Swamp:1  | Entered Level 1 of the Swamp
 32383 | Lair:3   | your +9 pearl dragon scales {rarerare} glow green for a
                  | moment.
 32498 | Swamp:1  | Reached skill level 8 in Air Magic
 32521 | Swamp:1  | Identified the +4 dire flail of a volcano {spect, *Slow rN+
                  | Will+ Str+3}
 33617 | Swamp:2  | You pick up a book of Scorching and begin reading...
 33629 | Swamp:2  | You pick up a book of Frost and begin reading...
 33823 | Swamp:2  | Identified the +1 ring mail "Pakhywus" {Dex+4}
 33972 | Swamp:2  | Reached skill level 9 in Air Magic
 34576 | Orc:2    | Bought a ring of flight for 262 gold pieces
 34917 | Swamp:2  | Reached skill level 13 in Armour
 34941 | Swamp:2  | Reached XP level 16. HP: 110/110 MP: 15/38
 34984 | Swamp:2  | Reached skill level 13 in Spellcasting
 35188 | Swamp:3  | You add the spells Sting and Olgreb's Toxic Radiance to
                  | your library.
 35202 | Swamp:2  | Learned a level 5 spell: Lightning Bolt
 35725 | Swamp:3  | Reached skill level 10 in Air Magic
 35902 | Swamp:2  | Reached skill level 2 in Axes
 36211 | Swamp:4  | Entered Level 4 of the Swamp
 37550 | Swamp:4  | Reached skill level 11 in Air Magic
 38192 | Swamp:4  | Got a decaying rune of Zot
 38423 | Snake:1  | Entered Level 1 of the Snake Pit
 39157 | Snake:1  | Reached skill level 14 in Spellcasting
 40412 | Snake:2  | Reached skill level 12 in Air Magic
 40577 | Snake:2  | Identified the ring "Zofural" {Int+6 Dex+4}
 41117 | Snake:3  | Reached XP level 17. HP: 115/115 MP: 13/40
 43317 | Snake:3  | magus.rc [v1.9.6]
 43355 | Snake:4  | Entered Level 4 of the Snake Pit
 43438 | Snake:4  | Reached skill level 13 in Air Magic
 43497 | Snake:3  | HP: 23/115 [poisoned by a nagaraja (poison arrow)]
 43502 | Snake:3  | HP: 11/115 [poisoned by a nagaraja (poison arrow)]
 43507 | Snake:3  | HP: 7/115 [poisoned by a nagaraja (poison arrow)]
 44555 | Snake:4  | Reached skill level 14 in Armour
 45175 | Snake:4  | Reached skill level 2 in Shields
 45976 | Snake:4  | Found Nimeot's Book Shop.
 45983 | Snake:4  | Bought a book of the Spheres for 648 gold pieces
 45983 | Snake:4  | You pick up a book of the Spheres and begin reading...
 45983 | Snake:4  | You add the spells Iskenderun's Battlesphere, Fireball,
                  | Conjure Ball Lightning and Orb of Destruction to your
                  | library.
 45989 | Snake:4  | Learned a level 5 spell: Iskenderun's Battlesphere
 45990 | Snake:4  | Bought a book of Geomancy for 216 gold pieces
 45990 | Snake:4  | You pick up a book of Geomancy and begin reading...
 45990 | Snake:4  | You add the spells Sandblast, Passwall and Stone Arrow to
                  | your library.
 45993 | Snake:4  | Learned a level 2 spell: Passwall
 45993 | Snake:4  | magus.rc [v1.9.6]
 46046 | Snake:4  | You add the spells Passage of Golubria and Dispersal to
                  | your library.
 46046 | Snake:4  | Got Weryrika's Collected Works on Quantum Darkness
 46048 | Snake:4  | You pick up a book of the Earth and begin reading...
 46048 | Snake:4  | You add the spells Leda's Liquefaction and Lee's Rapid
                  | Deconstruction to your library.
 46050 | Snake:4  | You pick up a book of Unlife and begin reading...
 46050 | Snake:4  | You add the spells Animate Dead and Death Channel to your
                  | library.
 46137 | Snake:4  | magus.rc [v1.9.6]
 46273 | Snake:4  | Got a serpentine rune of Zot
 46723 | D:9      | magus.rc [v1.9.6]
 46725 | D:9      | magus.rc [v1.9.6]
 46817 | Vaults:1 | Entered Level 1 of the Vaults
 46870 | Vaults:1 | Reached skill level 15 in Spellcasting
 47044 | Vaults:1 | Reached skill level 5 in Dodging
 47044 | Vaults:1 | Reached skill level 13 in Conjurations
 47099 | D:13     | magus.rc [v1.9.6]
 47296 | Vaults:1 | Noticed Asterion
 47311 | Vaults:1 | Killed Asterion
 48035 | Vaults:1 | Reached XP level 18. HP: 123/123 MP: 26/43
 48642 | Vaults:1 | Slain by a boulder beetle

Vanquished Creatures
  Rupert (D:14)
  Asterion (Vaults:1)
  A fenstrider witch (Swamp:3)
  5 nagarajas
  2 orc warlords
  5 ironbound preservers (Vaults:1)
  5 very ugly things (Vaults:1)
  Azrael (D:14)
  Nessos (D:15)
  5 bunyips (Swamp:2)
  5 eleionomae
  Snorg (D:10)
  An ettin (D:13)
  A shambling mangrove (Swamp:4)
  3 salamander tyrants (Snake:4)
  Harold (D:8)
  28 hydras
  A ghost crab (Swamp:2)
  9 naga warriors
  A spriggan air mage (Swamp:4)
  The ghost of Whoops the Carver, a journeyman DsFi of Makhleb (Lair:2)
  A demonspawn (Orc:2)
  11 centaur warriors
  A catoblepas (D:15)
  Erica (D:8)
  8 alligators
  A boulder beetle (shapeshifter) (D:15)
  5 anacondas
  2 death knights
  5 death yaks
  6 two-headed ogres
  18 naga sharpshooters
  A tengu warrior (D:15)
  An ironbound frostheart (Vaults:1)
  3 spriggan berserkers
  A deep elf knight (Swamp:2)
  4 orc high priests (Orc:2)
  A soul eater (Orc:2)
  3 shock serpents (Snake:4)
  A sun demon (Orc:2)
  4 skeletal warriors
  6 spriggan druids
  18 deep trolls (Vaults:1)
  4 goliath frogs
  5 naga ritualists
  A glowing orange brain (Vaults:1)
  7 salamander mystics
  9 swamp dragons
  5 bog bodies
  2 phantasmal warriors (D:13)
  5 orc knights
  3 harpies (Vaults:1)
  4 wizards
  5 deep elf pyromancers
  17 ugly things
  9 mana vipers
  A deep elf zephyrmancer (D:15)
  Pikel (D:8)
  2 ironbound convokers (Vaults:1)
  2 necromancers
  4 manticores
  7 cyclopes
  An oklob plant (Lair:1)
  10 orc sorcerers
  18 salamanders
  2 will-o-the-wisps (Swamp:4)
  3 centaur zombies
  A moth of wrath (Lair:6)
  Maurice (D:10)
  3 guardian serpents
  A rust devil (Orc:2)
  2 molten gargoyles (Lair:5)
  28 black mambas
  14 naga magi
  14 cane toads
  Maggie (D:7)
  3 gargoyles
  8 elephants
  3 freezing wraiths
  5 yaktaurs (Vaults:1)
  5 rime drakes
  6 komodo dragons
  6 trolls
  3 polar bears (Lair:6)
  A tengu conjurer (D:15)
  3 bloated husks
  9 tyrant leeches
  16 blink frogs
  15 hornets
  14 slime creatures
  2 dream sheep (Lair:6)
  A centaur simulacrum (D:15)
  A vampire (D:13)
  25 spriggans
  A shadow (D:13)
  7 wraiths
  3 wyverns
  48 yaks
  A steam dragon (D:8)
  6 fire elementals (D:14)
  Grum (D:10)
  5 basilisks
  2 wargs
  10 vampire mosquitoes
  13 swamp worms
  2 acid dragons (D:12)
  29 nagas
  A swamp worm (shapeshifter) (D:13)
  19 water moccasins
  A hell hound (D:14)
  11 swamp drakes
  43 orc warriors
  2 sky beasts (D:5)
  5 black bears
  A necrophage (D:4)
  8 ogres
  4 boggarts (Lair:6)
  38 wolves
  16 centaurs
  4 lemures (D:8)
  2 phantoms
  Blork the orc (D:6)
  13 bullfrogs
  2 kobold brigands (Sewer)
  2 gnoll sergeants
  A water moccasin zombie (D:6)
  4 scorpions
  A wyvern skeleton (D:5)
  6 killer bees
  A water moccasin skeleton (D:6)
  7 wights
  5 howler monkeys
  An electric eel (Lair:4)
  A bullfrog zombie (D:6)
  3 lava snakes (Lair:5)
  26 orc priests
  3 hounds
  5 jellies
  3 bullfrog skeletons
  3 centaur skeletons
  16 orc wizards
  2 iguanas (D:5)
  4 hell rats (Lair:6)
  A hound skeleton (D:4)
  11 adders
  20 gnolls
  2 howler monkey skeletons
  2 river rats (Sewer)
  4 white imps
  An ufetubus (D:4)
  A worm (D:4)
  An adder skeleton (D:4)
  108 orcs
  4 endoplasms
  7 giant cockroaches
  11 hobgoblins
  9 jackals
  3 quokkas
  10 ball pythons
  5 bats
  3 frilled lizards
  11 goblins
  14 kobolds
  11 rats
1131 creatures vanquished.

Vanquished Creatures (others)
  An eleionoma (Swamp:1)
  A bunyip (Swamp:3)
  A goliath frog (Swamp:1)
  A bloated husk (Swamp:1)
  A swamp worm (Swamp:1)
  2 lava snakes (Lair:5)
  10 foxfires (Swamp:4)
  7 fulminant prisms
  78 fungi
  78 plants
  2 withered plants (Lair:2)
182 creatures vanquished.

Grand Total: 1313 creatures vanquished

Table legend:
 A = Non-vault XP
 B = Vault XP
 C = Vault XP percentage of total XP
 D = Non-vault monster count
 E = Vault monster count
 F = Vault count percentage of total count
                 A         B        C        D         E       F
            +---------+---------+-------+---------+---------+-------
      Total |  237469 |  117756 |  33.1 |     769 |     363 |  32.1
            +---------+---------+-------+---------+---------+-------
        D:1 |      32 |       0 |   0.0 |      21 |       0 |   0.0
        D:2 |      99 |       0 |   0.0 |      30 |       0 |   0.0
        D:3 |     307 |       0 |   0.0 |      33 |       0 |   0.0
        D:4 |     387 |       0 |   0.0 |      17 |       0 |   0.0
        D:5 |     525 |     272 |  34.1 |       9 |      11 |  55.0
        D:6 |    1263 |     102 |   7.5 |      22 |       1 |   4.3
        D:7 |     511 |     543 |  51.5 |      26 |       4 |  13.3
        D:8 |    1739 |    2313 |  57.1 |      10 |       3 |  23.1
        D:9 |    3686 |    1094 |  22.9 |      20 |      31 |  60.8
       D:10 |    2507 |    1821 |  42.1 |      17 |       5 |  22.7
       D:11 |    4605 |       0 |   0.0 |      16 |       0 |   0.0
       D:12 |    3797 |       0 |   0.0 |      20 |       0 |   0.0
       D:13 |    7504 |    2304 |  23.5 |      16 |       4 |  20.0
       D:14 |   14882 |    4233 |  22.1 |      30 |       9 |  23.1
       D:15 |   12173 |    5494 |  31.1 |      20 |       9 |  31.0
     Lair:1 |    5451 |     527 |   8.8 |      26 |       1 |   3.7
     Lair:2 |    6032 |     849 |  12.3 |      22 |       1 |   4.3
     Lair:3 |    3848 |     455 |  10.6 |      13 |       2 |  13.3
     Lair:4 |    4798 |    5359 |  52.8 |      20 |      14 |  41.2
     Lair:5 |   11644 |    1217 |   9.5 |      26 |       8 |  23.5
     Lair:6 |    7665 |    9549 |  55.5 |      31 |      50 |  61.7
    Swamp:1 |    8695 |       0 |   0.0 |      19 |       0 |   0.0
    Swamp:2 |   10965 |    8613 |  44.0 |      20 |      11 |  35.5
    Swamp:3 |   11343 |    3937 |  25.8 |      24 |       4 |  14.3
    Swamp:4 |   10635 |   20242 |  65.6 |      21 |      34 |  61.8
    Snake:1 |   11385 |     626 |   5.2 |      20 |       2 |   9.1
    Snake:2 |    8228 |       0 |   0.0 |      18 |       0 |   0.0
    Snake:3 |   23281 |       0 |   0.0 |      47 |       0 |   0.0
    Snake:4 |   16930 |   21753 |  56.2 |      30 |      31 |  50.8
      Orc:1 |    5476 |     286 |   5.0 |      55 |       6 |   9.8
      Orc:2 |    4943 |   14770 |  74.9 |      29 |      56 |  65.9
   Vaults:1 |   32133 |    8926 |  21.7 |      41 |      13 |  24.1
      Sewer |       0 |     238 | 100.0 |       0 |      18 | 100.0
     Bailey |       0 |    2233 | 100.0 |       0 |      35 | 100.0
            +---------+---------+-------+---------+---------+-------

Illustrated notes

Table legend:
 A = Kills in this place as a percentage of kills in entire the game.
 B = Kills by you in this place as a percentage of kills by you in the entire game.
 C = Kills by friends in this place as a percentage of kills by friends in the entire game.
 D = Other kills in this place as a percentage of other kills in the entire game.
 E = Experience gained in this place as a percentage of experience gained in the entire game.
 F = Experience gained in this place divided by the number of levels of this place that you have seen.
                   A       B       C       D       E      F
               +-------+-------+-------+-------+-------+----------------------
         Total | 100.0 | 100.0 |   N/A | 100.0 | 100.0 | 10447.8
       Dungeon |  33.9 |  34.1 |   N/A |  24.0 |  20.3 | 4812.9
          Lair |  18.9 |  19.1 |   N/A |  12.0 |  16.2 | 9565.7
         Swamp |  11.7 |  11.7 |   N/A |  12.0 |  21.0 | 18607.5
     Snake Pit |  13.1 |  13.3 |   N/A |   4.0 |  23.1 | 20550.8
  Orcish Mines |  12.9 |  12.6 |   N/A |  24.0 |   7.2 | 12737.5
        Vaults |   4.8 |   4.3 |   N/A |  24.0 |  11.6 | 41059.0
         Sewer |   1.6 |   1.6 |   N/A |   0.0 |   0.1 | 238.0
        Bailey |   3.1 |   3.2 |   N/A |   0.0 |   0.6 | 2233.0
               +-------+-------+-------+-------+-------+----------------------

Table legend: (Time is in decaauts)
 A = Elapsed time spent in this place.
 B = Non-inter-level travel time spent in this place.
 C = Inter-level travel time spent in this place.
 D = Time resting spent in this place.
 E = Time spent auto-exploring this place.
 F = Levels seen in this place.
 G = Mean time per level.
                   A        B        C        D        E       F      G
               +--------+--------+--------+--------+--------+-----+--------+
         Total |  48994 |  46295 |   2699 |  11309 |  24598 |  34 | 1441.0 |
       Dungeon |  18008 |  16964 |   1044 |   2937 |  10715 |  15 | 1200.5 |
          Lair |  10066 |   9246 |    820 |   2495 |   4160 |   6 | 1677.7 |
         Swamp |   5751 |   5459 |    292 |   1341 |   3025 |   4 | 1437.8 |
     Snake Pit |   8130 |   7792 |    338 |   2464 |   4030 |   4 | 2032.5 |
  Orcish Mines |   3179 |   2976 |    203 |    954 |   1232 |   2 | 1589.5 |
        Vaults |   1707 |   1707 |      0 |    349 |    818 |   1 | 1707.0 |
         Sewer |    543 |    543 |      0 |     93 |    291 |   1 |  543.0 |
        Bailey |   1606 |   1606 |      0 |    676 |    326 |   1 | 1606.0 |
               +--------+--------+--------+--------+--------+-----+--------+

Top non-repeatable levels by time:
 Snake:3: 3737 daAuts
  Lair:4: 2277 daAuts
 Swamp:4: 1880 daAuts
   Orc:2: 1854 daAuts
  Lair:6: 1775 daAuts
  Lair:5: 1754 daAuts
 Snake:1: 1747 daAuts
 Swamp:2: 1712 daAuts
Vaults:1: 1707 daAuts
    D:14: 1669 daAuts
    D:15: 1647 daAuts
  Lair:3: 1620 daAuts
  Bailey: 1606 daAuts
     D:3: 1564 daAuts
  Lair:1: 1531 daAuts
